 Dungeon Crawl Stone Soup version 0.21.1-1-g345015f (webtiles) character file.

57792 Galewin the Severer (level 14, -1/127 HPs)
             Began as a Minotaur Berserker on June 14, 2018.
             Was a High Priest of Trog.
             Killed by divine providence
             ... invoked by an orc priest
              (7 damage)
             ... on level 2 of the Orcish Mines.
             The game lasted 00:47:10 (15511 turns).

Galewin the Severer (Minotaur Berserker)           Turns: 15511, Time: 00:47:10

Health: -1/127     AC: 23    Str: 27    XL:     14   Next: 47%
Magic:  13/13      EV: 12    Int:  4    God:    Trog [*****.]
Gold:   1649       SH:  0    Dex: 10    Spells: 13/13 levels left

rFire    . . .     SeeInvis +   a - +5 battleaxe (flame)
rCold    . . .     Gourm    .   (shield currently unavailable)
rNeg     . . .     Faith    .   x - +0 plate armour
rPois    .         Spirit   .   (helmet restricted)
rElec    .         Reflect  .   y - +2 cloak
rCorr    .         Harm     .   B - +0 pair of gloves
MR       +....                  h - +0 pair of boots
Stlth    ..........             s - amulet of regeneration
HPRegen  0.71/turn              i - +1 ring of protection
MPRegen  0.13/turn              D - ring of see invisible

@: about to teleport, berserk cooldown, slowed, very slow
A: retaliatory headbutt, horns 2
a: Berserk, Trog's Hand, Brothers in Arms, Burn Spellbooks, Renounce Religion


You were on level 2 of the Orcish Mines.
You worshipped Trog.
Trog was extremely pleased with you.
You were not hungry.

You visited 2 branches of the dungeon, and saw 17 of its levels.
You also visited: Bailey, Ice Cave and Volcano.

You collected 1734 gold pieces.
You spent 85 gold pieces at shops.

Inventory:

Hand Weapons
 a - a +5 battleaxe of flaming (weapon)
 Q - a +0 battleaxe of freezing
Armour
 h - a +0 pair of boots (worn)
 x - a +0 plate armour (worn)
 y - a +2 cloak (worn)
 B - a +0 pair of gloves (worn)
 P - a +1 plate armour of fire resistance
Jewellery
 i - a +1 ring of protection (left hand)
 n - an uncursed amulet of the gourmand
 s - an amulet of regeneration (around neck)
 D - a ring of see invisible (right hand)
 F - an uncursed ring of fire
Wands
 o - a wand of random effects (29)
 t - a wand of polymorph (3)
 A - a wand of flame (69)
 C - a wand of disintegration (16)
 M - a wand of paralysis (14)
Scrolls
 e - a scroll of acquirement {unknown}
 j - 3 scrolls of enchant armour
 k - 2 scrolls of magic mapping
 m - a scroll of fog
 r - a scroll of identify
 u - a scroll of noise {unknown}
 v - 8 scrolls of teleportation
 z - 2 scrolls of blinking
 I - 5 scrolls of remove curse
 L - a scroll of enchant weapon
 N - a scroll of random uselessness {unknown}
Potions
 b - 2 potions of magic {unknown}
 d - 3 potions of resistance
 f - 3 potions of haste
 g - 4 potions of heal wounds
 p - 3 potions of flight
 q - 2 potions of agility
 w - 4 potions of might
 E - a potion of experience {unknown}
 G - 4 potions of cancellation {unknown}
 H - 3 potions of brilliance {unknown}
 J - 2 potions of berserk rage {unknown}
 O - 2 potions of mutation {unknown}
Comestibles
 c - 17 rations


   Skills:
 + Level 12.9 Fighting
 - Level 20.0 Axes
 + Level 12.7 Armour
 + Level 11.7 Dodging


You had 13 spell levels left.
You didn't know any spells.

Dungeon Overview and Level Annotations

Branches:
Dungeon (15/15)            Temple (0/1) D:7            Lair (0/6) D:11
    Orc (2/2) D:11            Elf (0/3) Orc:2        Vaults (0/5) D:13
 Depths (0/5) D:15

Altars:
Dithmenos
Elyvilon
Kikubaaqudgha
Makhleb
Ru
Vehumet

Shops:
D:5 [   D:7 [[   D:8 *   D:9 (   D:11 }

Annotations:
D:7 2 transporters
D:14 exclusion: Roxanne, Roxanne


Innate Abilities, Weirdness & Mutations

You reflexively headbutt those who attack you in melee.
You have a pair of horns on your head.


Message History

The orc priest hits you but does no damage.
The orc priest barely misses you. The orc hits you but does no damage.
The orc knight roars a battlecry!
The orcs go into a battle-frenzy!
The orc priest begins to cast a cantrip, but forgets the words!
You hear a shout!
You hear a howl!
An orc, an orc warrior, 3 orc priests and an orc knight come into view.
The orc is wielding a hand axe of flaming.
The orc warrior is wielding a war axe of venom.
Unknown command.
As you read the scroll of teleportation, it crumbles to dust.
You feel strangely unstable. The orc priest barely misses you.
The orc priest hits you but does no damage. x2
The orc priest closely misses you.
The orc priest moves out of view.
The orc hits you.
* * * LOW HITPOINT WARNING * * *
The orc priest begins to cast a cantrip, but forgets the words!
The orc warrior barely misses you.
The orc priest invokes the aid of Beogh against you.
Beogh smites you!
You die...

.....
.....
#....
....
..#. .
...
#... o.
.###
...#.o.
§..#
##.o.o.
. §..#.


#oooo#o.o §.... #oooo.... §.... #@ooo# §.... #ooo.oooo o.... #ooo.#... oo###
##.o.oo . .o# ...#o.. ...# #... .. oooo ..#. . #.... You could see 2 orc
knights, 5 orc warriors, 10 orc priests and 14 orcs.

Vanquished Creatures
  Frances (D:14)
  Gastronok (D:9)
  Kirke (D:14)
  An orc warlord (Bailey)
  A frost giant (IceCv)
  A red draconian (Volcano)
  A hydra (D:12)
  A catoblepas (D:15)
  3 centaur warriors
  6 two-headed ogres
  An ogre mage (D:13)
  A tengu warrior (D:15)
  A salamander mystic (Volcano)
  5 skeletal warriors (D:14)
  An unseen horror (D:11)
  8 ugly things
  2 deep elf magi
  2 orc sorcerers (Orc:1)
  3 cyclopes
  5 salamanders (Volcano)
  A manticore (D:12)
  Psyche (D:11)
  An ice statue (IceCv)
  A gargoyle (Volcano)
  2 rime drakes (Orc:2)
  A kobold demonologist (D:14)
  The ghost of inc the Blocker, a novice OpFi (D:5)
  14 polar bears (IceCv)
  7 trolls
  Grinder (D:4)
  6 hippogriffs
  2 wraiths
  A water elemental (D:15)
  A shadow (D:14)
  11 yaks
  A basilisk (D:14)
  6 hogs (D:14)
  A spriggan (shapeshifter) (D:13)
  6 fire bats (Volcano)
  2 vampires (D:12)
  A wyvern (D:10)
  A steam dragon (D:10)
  3 hungry ghosts
  4 wargs
  Edmund (D:4)
  6 vampire mosquitoes
  2 acid dragons
  A water moccasin (D:12)
  2 soldier ants
  17 orc warriors
  3 sky beasts
  5 phantoms
  A black bear (D:7)
  3 ice beasts
  5 boggarts (D:15)
  13 wolves
  11 ogres
  19 centaurs
  3 necrophages
  A crocodile (D:15)
  4 big kobolds
  12 bullfrogs
  Blork the orc (D:6)
  3 wyvern skeletons
  4 scorpions
  10 killer bees (D:11)
  2 electric eels (D:11)
  4 howler monkeys
  4 crimson imps
  5 lava snakes (Volcano)
  A quasit (D:7)
  2 bullfrog zombies
  5 centaur zombies
  4 jellies
  13 orc priests
  4 bullfrog skeletons
  6 centaur skeletons
  9 hounds
  24 orc wizards
  4 iguanas
  6 worker ants
  A worker ant zombie (D:7)
  A howler monkey skeleton (D:5)
  5 gnolls
  7 adders
  5 shadow imps
  An ooze (D:6)
  2 adder skeletons
  A worm (D:3)
  3 dart slugs (D:1)
  69 orcs
  3 ball pythons
  15 giant cockroaches
  8 goblins
  9 hobgoblins
  11 jackals
  24 kobolds
  2 quokkas
  6 bats
  4 frilled lizards
  6 rats
525 creatures vanquished.

Vanquished Creatures (collateral kills)
  A hippogriff (D:11)
1 creature vanquished.

Vanquished Creatures (others)
  A fire giant (D:15)
  Sonja (D:11)
  A bat (D:1)
3 creatures vanquished.

Grand Total: 529 creatures vanquished

Notes
Turn   | Place    | Note
-------+----------+-------------------------------------------
     0 | D:1      | Galewin the Minotaur Berserker began the quest for the Orb.
     0 | D:1      | Reached XP level 1. HP: 19/19 MP: 0/0
   157 | D:1      | Reached skill level 4 in Axes
   165 | D:1      | Reached XP level 2. HP: 24/26 MP: 1/1
   224 | D:1      | Reached skill level 5 in Axes
   483 | D:1      | Reached XP level 3. HP: 31/31 MP: 2/2
   896 | D:2      | Reached ** piety under Trog
  1592 | D:3      | Reached XP level 4. HP: 37/39 MP: 3/3
  1593 | D:3      | Reached skill level 6 in Axes
  1976 | D:3      | Found a shadowy altar of Dithmenos.
  2081 | D:4      | Reached skill level 7 in Axes
  2081 | D:4      | Reached XP level 5. HP: 37/45 MP: 4/4
  2145 | D:4      | Noticed Grinder
  2157 | D:4      | Killed Grinder
  2157 | D:4      | Reached skill level 8 in Axes
  2157 | D:4      | Reached XP level 6. HP: 51/51 MP: 5/5
  2181 | D:4      | Noticed Edmund
  2461 | D:4      | Killed Edmund
  2461 | D:4      | Reached skill level 9 in Axes
  2754 | D:4      | Reached XP level 7. HP: 45/57 MP: 6/6
  2878 | D:5      | Entered Level 5 of the Dungeon
  2927 | D:5      | Noticed inc's ghost (novice OpFi)
  2944 | D:5      | Killed inc's ghost
  2944 | D:5      | Reached skill level 10 in Axes
  2984 | D:5      | Reached skill level 11 in Axes
  3069 | D:5      | Found Kynyi's Antique Armour Shop.
  3075 | D:5      | Bought a cloak for 85 gold pieces
  3489 | D:5      | Reached *** piety under Trog
  3489 | D:5      | Reached XP level 8. HP: 64/64 MP: 7/7
  3634 | D:6      | Reached skill level 12 in Axes
  3635 | D:6      | Found a white marble altar of Elyvilon.
  4170 | D:6      | Noticed Blork the orc
  4177 | D:6      | Killed Blork the orc
  4197 | D:6      | Reached skill level 13 in Axes
  4637 | D:7      | Reached **** piety under Trog
  4687 | D:7      | Reached XP level 9. HP: 49/70 MP: 8/8
  4766 | D:7      | Reached skill level 14 in Axes
  4871 | D:7      | Found Tiplomash's Antique Armour Emporium.
  4879 | D:7      | Received a gift from Trog
  4929 | D:7      | Found a transporter.
  4932 | D:7      | Found Fetal's Armour Boutique.
  5045 | D:7      | Noticed a kobold demonologist
  5085 | D:7      | Found a transporter.
  5204 | D:7      | Found a staircase to the Ecumenical Temple.
  5208 | D:7      | Reached skill level 15 in Axes
  5597 | D:8      | Reached skill level 16 in Axes
  5665 | D:8      | Found Aneoneda's Elemental Accessories.
  5777 | D:8      | Reached XP level 10. HP: 34/77 MP: 9/9
  6613 | D:9      | Noticed a two-headed ogre
  6625 | D:9      | Killed a two-headed ogre
  6625 | D:9      | Reached skill level 17 in Axes
  6697 | D:9      | Reached ***** piety under Trog
  6744 | D:9      | Noticed Gastronok
  6768 | D:9      | Killed Gastronok
  6768 | D:9      | Reached skill level 18 in Axes
  7091 | D:9      | Found Oheshaim's Weapon Emporium.
  7119 | D:9      | Found a radiant altar of Vehumet.
  7809 | D:10     | Entered Level 10 of the Dungeon
  7900 | D:10     | Found an ancient bone altar of Kikubaaqudgha.
  8106 | D:10     | Got a pair of jewelled boots
  8112 | D:10     | Identified the +2 pair of boots of the Mantidfly {rElec rF- rC+} (You found it on level 10 of the Dungeon)
  8139 | D:10     | Reached XP level 11. HP: 79/82 MP: 10/10
  8142 | D:10     | Received a gift from Trog
  8448 | D:11     | Noticed Sonja
  8452 | D:11     | Noticed a cyan ugly thing
  8460 | D:11     | Killed a cyan ugly thing
  8460 | D:11     | Reached skill level 19 in Axes
  9019 | D:11     | Killed Sonja
  9193 | D:11     | Noticed Psyche
  9200 | D:11     | Killed Psyche
  9335 | D:11     | Noticed an unseen horror
  9344 | D:11     | Killed an unseen horror
  9375 | D:11     | Found a staircase to the Lair.
  9381 | D:11     | Reached skill level 20 in Axes
  9397 | D:11     | HP: 4/83 [hippogriff (4)]
  9397 | D:11     | HP: 1/83 [hippogriff (3)]
  9403 | D:11     | HP: 1/84 [poisoned by a killer bee]
  9736 | D:11     | Found a staircase to the Orcish Mines.
 10061 | D:11     | Found Vyabeij's Gadget Shoppe.
 10175 | D:12     | Noticed a red ugly thing
 10176 | D:12     | Noticed a green ugly thing
 10181 | D:12     | Reached skill level 5 in Fighting
 10188 | D:12     | Killed a brown ugly thing
 10189 | D:12     | Noticed a deep elf mage
 10189 | D:12     | Killed a green ugly thing
 10204 | D:12     | Reached skill level 5 in Armour
 10204 | D:12     | Killed a deep elf mage
 10211 | D:12     | Reached XP level 12. HP: 42/96 MP: 11/11
 10361 | D:12     | Reached skill level 5 in Dodging
 10465 | D:12     | Found a flagged portal.
 10489 | Bailey   | Entered a bailey
 10494 | Bailey   | Noticed an orc warlord
 10586 | Bailey   | Found a runed gate.
 10588 | Bailey   | Found a runed gate.
 10589 | Bailey   | Found a runed gate.
 10660 | Bailey   | Killed an orc warlord
 10761 | D:12     | Noticed a five-headed hydra
 10766 | D:12     | Killed a two-headed hydra
 11091 | D:13     | Noticed an ogre mage
 11092 | D:13     | Noticed a two-headed ogre
 11092 | D:13     | Found a gate to the Vaults.
 11092 | D:13     | Noticed a two-headed ogre
 11095 | D:13     | Killed a two-headed ogre
 11096 | D:13     | Killed a two-headed ogre
 11099 | D:13     | Killed an ogre mage
 11099 | D:13     | Received a gift from Trog
 11619 | D:13     | Noticed a centaur warrior
 11632 | D:13     | Killed a centaur warrior
 12010 | D:14     | Found a sacrificial altar of Ru.
 12196 | D:14     | Noticed Roxanne
 12347 | D:14     | Noticed Kirke
 12349 | D:14     | Reached XP level 13. HP: 101/111 MP: 12/12
 12358 | D:14     | Killed Kirke
 12389 | D:14     | Noticed Frances
 12398 | D:14     | Killed Frances
 12398 | D:14     | Reached skill level 10 in Fighting
 12407 | D:14     | Reached skill level 10 in Armour
 12732 | D:15     | Entered Level 15 of the Dungeon
 12828 | D:15     | Reached skill level 10 in Dodging
 12898 | D:15     | Reached ****** piety under Trog
 13032 | D:15     | Received a gift from Trog
 13158 | D:15     | Noticed a fire giant
 13162 | D:15     | Found a staircase to the Depths.
 13165 | D:15     | Killed a fire giant
 13806 | Orc:1    | Entered Level 1 of the Orcish Mines
 13982 | Orc:1    | Found a dark tunnel.
 14009 | Volcano  | Entered a volcano
 14140 | Volcano  | Noticed a red draconian
 14171 | Volcano  | Killed a red draconian
 14171 | Volcano  | Reached XP level 14. HP: 104/126 MP: 13/13
 14197 | Volcano  | Found a burning altar of Makhleb.
 14359 | Orc:1    | Found a burning altar of Makhleb.
 14369 | Orc:1    | Paralysed by an orc sorcerer for 5 turns
 14433 | Orc:1    | Received a gift from Trog
 14616 | Orc:2    | Entered Level 2 of the Orcish Mines
 14627 | Orc:2    | Found a staircase to the Elven Halls.
 14683 | Orc:2    | Found a frozen archway.
 14696 | IceCv    | Entered an ice cave
 15113 | IceCv    | Noticed a frost giant
 15132 | IceCv    | Killed a frost giant
 15509 | Orc:2    | HP: 6/127 [orc priest/divine providence (14)]
 15511 | Orc:2    | Killed from afar by an orc priest

Skill      XL: |  1  2  3  4  5  6  7  8  9 10 11 12 13 14 |
---------------+-------------------------------------------+-----
Axes           | 4 5 7 8 9 11 13 16 18 20 | 20.0
Fighting       | 6 9 12 | 12.9
Armour         | 5 9 11 12 | 12.7
Dodging        | 4 8 10 11 | 11.7

Action                   |  1- 3 |  4- 6 |  7- 9 | 10-12 | 13-15 || total
-------------------------+-------+-------+-------+-------+-------++-------
Melee: Hand axe          |    67 |    65 |   374 |   201 |       ||   707
       Headbutt          |    18 |    13 |    79 |    97 |    70 ||   277
       Unarmed           |       |    38 |       |       |       ||    38
       War axe           |       |       |       |     8 |       ||     8
       Battleaxe         |       |       |       |   298 |   364 ||   662
Invok: Berserk           |     1 |     1 |     4 |    12 |     5 ||    23
       Trog's Hand       |       |       |       |     4 |       ||     4
       Burn Spellbooks   |       |       |       |     3 |     2 ||     5
       Brothers in Arms  |       |       |       |     1 |     1 ||     2
  Use: Scroll            |     5 |     1 |     9 |    13 |     5 ||    33
       Potion            |       |       |       |    10 |       ||    10
  Eat: Chunk             |     1 |     3 |    19 |    34 |     9 ||    66
       Ration            |     1 |       |     1 |       |     2 ||     4
Armor: Animal skin       |     8 |       |       |       |       ||     8
       Ring mail         |    20 |    16 |     2 |       |       ||    38
       Skin              |       |     1 |       |       |       ||     1
       Plate armour      |       |       |   171 |   282 |   199 ||   652
Dodge: Dodged            |    48 |    37 |    96 |   176 |   209 ||   566
